Map: Prion Terraces

Players

LilDicky

  • Race: Terran Terran
  • League: Platinum

EPIqSpaRkY - Winner!

  • Race: Terran Terran
  • League: Platinum

VOD

http://www.twitch.tv/tumescentpie

Description

Time

  • Played on: Nov. 20, 2015, 10:57 p.m.
  • Length: 2:39
Show
View Real Time Build Order
Export as new Build Order

LilDicky Terran 

Build Orders:  

Get SALT Encoding   

  12  0:01  SCV  
  13  0:13  SCV  
  14  0:20  Supply Depot  
  14  0:27  SCV  
  15  0:30  Refinery  
  15  0:42  SCV  
  16  0:46  Barracks  
  16  0:54  SCV  
  17  1:06  SCV  
  19  1:18  SCV  
  19  1:30  SCV  
  19  1:32  Marine  
  20  1:34  Supply Depot  
  21  1:40  Factory  
  21  1:42  Orbital Command  
  21  1:50  Marine  
  22  2:05  Refinery  
  22  2:08  SCV  
  23  2:09  Marine  
  24  2:23  Command Center, Factory Reactor  
  24  2:26  SCV  
  26  2:38  Starport  
Show
View Real Time Build Order
Export as new Build Order

EPIqSpaRkY Terran - Winner!

Build Orders:  

Get SALT Encoding   

  12  0:12  Supply Depot  
  12  0:39  Barracks  
  12  0:47  Barracks  
  12  1:03  Barracks  
  12  1:27  Marine  
  12  1:29  Orbital Command  
  13  1:34  Marine  
  14  1:45  Marine  
  15  1:52  Supply Depot  
  15  1:54  Marine  
  16  2:01  Marine  
  16  2:06  Marine  
Tags
 
Add a new tag
Caveats
  • Supply blocks, unpowered buildings, or Contaminate may cause inaccurate times.
  • Supply counts are checked every 10 seconds.